 Dungeon Crawl Stone Soup version 0.30.1-11-g7821555f0a (webtiles) character file.

Game seed: 12876726189225627704

737 comborobin the Cleaver (level 7, -2/53 (57) HPs)
             Began as a Hill Orc Delver on Nov 19, 2023.
             Succumbed to an adder's poison
             ... on level 3 of the Dungeon.
             The game lasted 00:03:14 (3029 turns).

comborobin the Cleaver (Hill Orc Delver)            Turns: 3029, Time: 00:03:14

HP:   -2/53 (57)    AC:  3    Str: 12 (15) XL:     7   Next: 74%
MP:   7/7           EV: 11    Int:  8 (10) God:
Gold: 342           SH:  0    Dex: 10 (12) Spells: 6/6 levels left

rFire   + . .        k - +0 halberd
rCold   . . .        (shield currently unavailable)
rNeg    . . .        b - +0 leather armour
rPois   .            (no helmet)
rElec   .            (no cloak)
rCorr   .            (no gloves)
SInv    .            (no boots)
Will    .....        (no amulet)
Stlth   ++           (no ring)
HPRegen 0.28/turn    (no ring)
MPRegen 0.10/turn

%: no passive effects
@: lethally poisoned (-2 -> -9), drained
A: fire resistance 1, screaming 1, weak 1
a: no special abilities


You were on level 3 of the Dungeon.
You visited 1 branch of the dungeon, and saw 4 of its levels.
You also visited: Ossuary.

You collected 342 gold pieces.

Inventory:

Hand Weapons
 a - a +0 hand axe
 k - a +0 halberd (weapon)
Armour
 b - a +0 leather armour (worn)
Wands
 f - a wand of iceblast (10)
 g - a wand of digging (3)
 i - a wand of charming (4)
Scrolls
 c - a scroll of fog
 d - 2 scrolls of magic mapping
 e - a scroll of fear
 h - a scroll of brand weapon {unknown}
 j - 4 scrolls of identify {unknown}
 l - a scroll of enchant weapon {unknown}
 m - a scroll of poison {unknown}
 o - a scroll of silence {unknown}
 q - a scroll of teleportation
 r - a scroll of vulnerability {unknown}
 s - a scroll of amnesia {unknown}
 v - a scroll of noise {unknown}


   Skills:
 - Level 3.6 Fighting
 + Level 11.1 Axes
 - Level 1.5 Dodging
 - Level 4.1 Stealth


You had 6 spell levels left.
You didn't know any spells.
Your spell library was empty.

Dungeon Overview and Level Annotations

Branches:
Dungeon (6/15)            Ossuary (visited)
 Temple: D:4-7

Altars:
Dithmenos
Makhleb

Annotations:
D:5 Pikel


Innate Abilities, Weirdness & Mutations

Your flesh is heat resistant. (rF+)
You occasionally shout uncontrollably at your foes.
You are weak. (Str -2)


Message History

You are too injured to fight recklessly!
You are too injured to fight recklessly!
You are too injured to fight recklessly!
You are too injured to fight recklessly!
You are too injured to fight recklessly!
You are too injured to fight recklessly!
You are too injured to fight recklessly!
You are too injured to fight recklessly!
You are too injured to fight recklessly!
You miss the adder.
You feel very sick. The adder bites you. The hobgoblin closely misses you.
You miss the adder.
You feel sick. The adder bites you. The hobgoblin barely misses you.
The adder bites you.
* * * LOW HITPOINT WARNING * * *
You hit the adder.
The adder is heavily wounded.
You feel sick. The adder completely misses you.
The hobgoblin barely misses you.
You closely miss the adder.
The adder is heavily wounded.
You feel sick. The adder bites you.
* * * LOW HITPOINT WARNING * * *
You are more poisoned.
The adder poisons you! The hobgoblin hits you.
* * * LOW HITPOINT WARNING * * *
The adder bites you but does no damage. The hobgoblin hits you.
* * * LOW HITPOINT WARNING * * *
You barely miss the adder.
The adder is moderately wounded.
* * * LOW HITPOINT WARNING * * *
You feel sick. The adder misses you.
The hobgoblin hits you but does no damage.
The adder bites you.
* * * LOW HITPOINT WARNING * * *
Unknown command.
Unknown command.
You miss the adder.
The adder is moderately wounded.
You die...

### # .?# #. #.#
##..###.#########
......g.#.......#
#S@#.......#
#..#.......#
#..........#
#.##.......# ...
#.......### ####
#.........#
###.#####.# #.#
#.####.# #.#
#......#


You could see an adder and a hobgoblin.

Vanquished Creatures
  A phantom (D:5)
  A kobold brigand (D:4)
  A bullfrog (D:4)
  A gnoll sergeant (D:5)
  2 scorpions (D:5)
  3 jellies
  A hound (D:5)
  Ijyb (D:5)
  An iguana (D:4)
  8 mummies (Ossuary)
  3 gnolls (D:5)
  An adder (D:4)
  A worm (D:4)
  A dart slug (D:5)
  6 orcs
  2 endoplasms
  A giant cockroach (D:4)
  A goblin (D:4)
  5 hobgoblins (D:4)
  9 kobolds (D:4)
  2 gnoll zombies (Ossuary)
  2 hobgoblin zombies (Ossuary)
  A kobold zombie (Ossuary)
  3 orc zombies (Ossuary)
58 creatures vanquished.

Vanquished Creatures (others)
  A gnoll (D:5)
1 creature vanquished.

Grand Total: 59 creatures vanquished

Notes
Turn   | Place    | Note
-------+----------+-------------------------------------------
     0 | D:5      | comborobin the Hill Orc Delver began the quest for the Orb.
     0 | D:5      | Reached XP level 1. HP: 19/19 MP: 1/1
    36 | D:5      | Noticed Pikel
    37 | D:5      | Noticed a lemure
    39 | D:5      | Noticed a lemure
    41 | D:5      | Noticed a lemure
    41 | D:5      | Noticed a lemure
   104 | D:5      | Noticed a hound
   110 | D:5      | Reached skill level 3 in Axes
   110 | D:5      | Killed a hound
   111 | D:5      | Reached skill level 4 in Axes
   111 | D:5      | Reached XP level 2. HP: 5/26 MP: 2/2
   111 | D:5      | Reached XP level 3. HP: 6/31 MP: 3/3
   113 | D:5      | Noticed a scorpion
   113 | D:5      | Noticed Ijyb
   115 | D:5      | Killed Ijyb
   115 | D:5      | Killed a scorpion
   116 | D:5      | Reached skill level 6 in Axes
   116 | D:5      | Reached XP level 4. HP: 10/39 MP: 4/4
   117 | D:5      | Reached XP level 5. HP: 12/45 MP: 5/5
   372 | D:5      | Reached skill level 7 in Axes
   462 | D:5      | Reached skill level 8 in Axes
   462 | D:5      | Reached XP level 6. HP: 42/51 MP: 6/6
   619 | D:5      | Reached skill level 9 in Axes
   927 | D:5      | Found a shadowy altar of Dithmenos.
  1111 | D:4      | Reached XP level 7. HP: 47/57 MP: 7/7
  1125 | D:4      | Found a sand-covered staircase.
  1131 | Ossuary  | Entered an ossuary
  1203 | Ossuary  | Reached skill level 10 in Axes
  1745 | D:4      | Gained mutation: Your magical capacity is low. (-10% MP)
                  | [potion of mutation]
  1745 | D:4      | Gained mutation: Your magical capacity is very low. (-20%
                  | MP) [potion of mutation]
  1745 | D:4      | Gained mutation: You are covered in fur. (AC +1) [potion of
                  | mutation]
  1932 | D:4      | Found a burning altar of Makhleb.
  2889 | D:4      | Reached skill level 11 in Axes
  2896 | D:4      | Lost mutation: Your magical capacity is very low. (-20% MP)
                  | [potion of mutation]
  2896 | D:4      | Lost mutation: You are covered in fur. (AC +1) [potion of
                  | mutation]
  2896 | D:4      | Lost mutation: Your magical capacity is low. (-10% MP)
                  | [potion of mutation]
  2896 | D:4      | Gained mutation: You occasionally shout uncontrollably at
                  | your foes. [potion of mutation]
  2896 | D:4      | Gained mutation: Your flesh is heat resistant. (rF+)
                  | [potion of mutation]
  2896 | D:4      | Gained mutation: You are weak. (Str -2) [potion of
                  | mutation]
  3028 | D:3      | HP: 1/53 [adder (2)]
  3029 | D:3      | Succumbed to an adder's poison

Illustrated notes

Levels and vault maps discovered:
D:3:      layout_loops_cross, minmay_misc_feat_ornament, minmay_statues_item
D:4:      cheibrodos_thug_alley, layout_rooms, lightli_temple_of_fire,
          nicolae_ossuary_entry_plus, hangedman_abyss_or_decor_stabs
D:5:      layout_loops_cross, grunt_dithmenos_smoke, uniq_pikel, uniq_ijyb
D:6:      layout_cave_pods, serial_glass, glass_columns_c, glass_columns_a,
          minmay_strange_pillars, feat_on_display, eino_tiny_chamber,
          minmay_fountain_box, uniq_maggie

Skill      XL: |  1  2  3  4  5  6  7 |
---------------+----------------------+-----
Axes           | 4 6 8 9 11 | 11.1
Fighting       | |  3.6
Dodging        | |  1.5
Stealth        | |  4.1

Action                     |  1- 3 |  4- 6 |  7- 9 || total
---------------------------+-------+-------+-------++-------
  Melee: Hand axe          |     2 |       |       ||     2
         Halberd           |       |    31 |   171 ||   202
  Evoke: Wand              |     5 |     9 |       ||    14
    Use: Potion            |     2 |       |    10 ||    12
         Scroll            |       |     1 |       ||     1
   Stab: Sleeping          |       |     1 |     3 ||     4
         Invisible         |       |       |     3 ||     3
 Armour: Leather armour    |     1 |     7 |    43 ||    51
  Dodge: Dodged            |     4 |    24 |    96 ||   124
